 Dungeon Crawl Stone Soup version 0.25.1-2-g60ff931df9 (webtiles) character file.

Game seed: 16274455622582477344

57 DogServant the Sneak (level 3, -1/24 HPs)
             Began as a Vampire Enchanter on Oct 16, 2020.
             Slain by Sigmund
             ... wielding a +0 scythe
              (6 damage)
             ... on level 2 of the Dungeon.
             The game lasted 00:02:46 (1351 turns).

DogServant the Sneak (Vampire Enchanter)            Turns: 1351, Time: 00:02:46

Health: -1/24      AC:  2    Str:  7    XL:     3   Next: 73%
Magic:  3/6        EV: 13    Int: 17    God:
Gold:   89         SH:  0    Dex: 15    Spells: 0/6 levels left

rFire    . . .     SeeInvis +   a - +1 dagger
rCold    . . .     Gourm    .   (no shield)
rNeg     . . .     Faith    .   b - +0 robe
rPois    .         Spirit   .   (no helmet)
rElec    .         Reflect  .   (no cloak)
rCorr    .         Harm     .   (no gloves)
MR       .....                  (no boots)
Stlth    +++.......             (no amulet)
HPRegen  0.28/turn              (no ring)
MPRegen  0.10/turn              (no ring)

@: regenerating quickly
A: no food, fangs 3, see invisible, unbreathing
a: Exsanguinate


You were on level 2 of the Dungeon.
You were alive.

You visited 1 branch of the dungeon, and saw 2 of its levels.

You collected 89 gold pieces.

Inventory:

Hand Weapons
 a - a +1 dagger (weapon)
Missiles
 c - 8 javelins (quivered)
Armour
 b - a +0 robe (worn)
Jewellery
 h - a cursed -4 ring of dexterity {unknown}
Wands
 l - a wand of random effects (18)
Scrolls
 e - 2 scrolls of magic mapping {unknown}
 f - a scroll of blinking {unknown}
 g - 2 scrolls of identify {unknown}
 i - a scroll of noise {unknown}
Potions
 d - 2 potions of heal wounds


   Skills:
 - Level 1.1 Short Blades
 - Level 2.1 Dodging
 + Level 6.0 Stealth
 - Level 2.0 Spellcasting
 + Level 5.8 Hexes


You couldn't memorise any spells.
You knew the following spells:

 Your Spells              Type           Power        Failure   Level  Hunger
a - Corona                Hex            ###....      1%          1    N/A
b - Confusing Touch       Hex            ###.....     5%          3    N/A
c - Ensorcelled Hibernat  Hex/Ice        ##....       9%          2    N/A

Your spell library contained the following spells:

 Spells                   Type           Power        Failure   Level  Hunger
 Tukima's Dance           Hex            ###.....     5%          3    N/A
 Dazzling Flash           Conj/Hex       ##....       19%         3    N/A

Dungeon Overview and Level Annotations

Branches:
Dungeon (2/15)

Altars:
Gozag
Xom

Annotations:
D:2 Sigmund


Innate Abilities, Weirdness & Mutations

You do not eat.
Your natural rate of healing is unusually fast.
You have razor-sharp teeth.
You have supernaturally acute eyesight. (SInv)
You can survive without breathing.


Message History

The spell is quite dangerous to cast (5% risk of failure)!
Continue anyway?
Your hands begin to glow red.
The bat hits you.
Sigmund hits you from afar with a +0 scythe.
The bat barely misses you. The bat completely misses you.
Sigmund gestures at you while chanting. The magic dart hits you.
You hit Sigmund but do no damage.
Sigmund appears confused.
The bat closely misses you.
You barely miss Sigmund. The bat hits you. The bat completely misses you.
The bat hits you but does no damage. The bat hits you.
Sigmund hits you with a +0 scythe!
* * * LOW HITPOINT WARNING * * *
The bat hits you.
* * * LOW HITPOINT WARNING * * *
You strike the helpless Sigmund from behind!
You puncture Sigmund! You bite Sigmund.
Sigmund is heavily wounded.
The bat barely misses you. Sigmund hits you with a +0 scythe.
You die...

#..##.....#####.###
#..(.###...###.# #..###
###.....# ##
#....#######..### #> #.##
...#.......##.. #.
#.#.#####.#... ..
#.#####...#####.....
....#..#...)............
......@@.###<.########..
....###.b.##..##### ##.
....#####.#.......######
......................##
...$#####.#.######....## #
#.#.########....
###########.#.#...........
##...............##########
#.....#####...#####


You could see Sigmund (confused) and a bat.

Vanquished Creatures
  4 adders (D:2)
  A dart slug (D:1)
  3 giant cockroaches (D:2)
  3 hobgoblins
  2 kobolds
  3 frilled lizards
  2 goblins (D:2)
  4 rats
22 creatures vanquished.

Notes
Turn   | Place    | Note
-------+----------+-------------------------------------------
     0 | D:1      | DogServant the Vampire Enchanter began the quest for the
                  | Orb.
     0 | D:1      | Reached XP level 1. HP: 13/13 MP: 3/3
   588 | D:1      | Reached XP level 2. HP: 18/19 MP: 5/5
   702 | D:2      | Found an opulent altar of Gozag.
   703 | D:2      | Reached skill level 5 in Stealth
   744 | D:2      | Found a shimmering altar of Xom.
   749 | D:2      | Reached skill level 5 in Hexes
   800 | D:2      | Reached XP level 3. HP: 17/24 MP: 6/6
   805 | D:2      | Learned a level 3 spell: Confusing Touch
   808 | D:2      | Learned a level 2 spell: Ensorcelled Hibernation
   845 | D:2      | HP: 1/24 [kobold/+0 short sword (6)]
  1069 | D:2      | Reached skill level 6 in Stealth
  1165 | D:2      | Noticed Sigmund
  1351 | D:2      | Slain by Sigmund

Illustrated notes

Levels and vault maps discovered:
D:1:      psy_arrival_basics, layout_basic, minmay_misc_feat_tower
D:2:      layout_rooms, nicolae_gozag_seed_capital, xom_butterflies,
          first_ration, uniq_sigmund

Skill      XL: |  1  2  3 |
---------------+----------+-----
Stealth        | 5 6 |  6.0
Hexes          | 5 |  5.8
Short Blades   | |  1.1
Dodging        | |  2.1
Spellcasting   | |  2.0

Action                   || total
-------------------------++-------
Melee: Dagger            ||    86
       Bite              ||     9
 Cast: Confusing Touch   ||     5
       Ensorcelled Hiber ||     1
       Corona            ||     1
  Use: Potion            ||     4
 Stab: Sleeping          ||     9
       Confused          ||     3
Armor: Robe              ||    21
Dodge: Dodged            ||    59
